 Dungeon Sprint DCSS version 0.22-a0-460-g49b1da7 (webtiles) character file.

32652 emperorscorpion the Sorcerer (level 13, -3/84 HPs)
             Began as a Deep Elf Air Elementalist on June 9, 2018.
             Was the Champion of Sif Muna.
             Slain by a salamander
             ... wielding a cursed +0 halberd
              (10 damage)
             ... in the Dungeon (Sprint IX: "|||||||||||||||||||||||||||||").
             The game lasted 00:25:02 (2351 turns).

emperorscorpion the Sorcerer (DEAE)                 Turns: 2351, Time: 00:25:03

Health: -3/84      AC:  9    Str:  8    XL:     13   Next: 32%
Magic:  2/56       EV: 14    Int: 25    God:    Sif Muna [******]
Gold:   47         SH: 10    Dex: 16    Spells: 19/57 levels left

rFire    . . .     SeeInvis .   b - staff of power
rCold    . . .     Gourm    .   N - +2 shield {reflect}
rNeg     . . .     Faith    .   m - +0 troll leather armour
rPois    .         Spirit   .   B - +1 hat
rElec    .         Reflect  +   (no cloak)
rCorr    .         Harm     .   y - +0 pair of gloves
MR       +....     NoTele   +   p - +0 pair of boots
Stlth    +++.......             (no amulet)
HPRegen  0.64/turn              r - +3 ring of strength
MPRegen  0.35/turn              s - +2 ring of protection

@: lethally poisoned (-3 -> -6), very slightly contaminated
A: no striking features
a: Divine Energy, Channel Magic, Forget Spell, Renounce Religion


You were in the Dungeon.
You worshipped Sif Muna.
Sif Muna was exalted by your worship.
You were hungry.

You visited 1 branch You collected 1914 gold pieces.
You spent 1867 gold pieces at shops.

Inventory:

Hand Weapons
 a - a +6 rapier of electrocution
 o - the +2 morningstar "Ohim" {protect, MR+ Str+2}
   (You found it in the Dungeon)

   It protects the one who uses it against injury (+AC on strike).
   It affects your strength (+2).
   It affects your resistance to hostile enchantments.
 L - the +8 falchion of Lies {flame, Int+4}
   (You found it in the Dungeon)

   It has been specially enchanted to burn those struck by it, causing extra
   injury to most foes and up to half again as much damage against particularly
   susceptible opponents.
   Big, fiery blades are also staple armaments of hydra-hunters.
   It affects your intelligence (+4).
Armour
 m - a +0 troll leather armour (worn)
 n - a +0 robe
 p - a +0 pair of boots (worn)
 q - a +2 ring mail
 w - a +2 robe
 y - a +0 pair of gloves (worn)
 A - a +0 helmet
 B - a +1 hat (worn)
 N - a +2 shield of reflection (worn)
Magical Staves
 b - an uncursed staff of power (weapon)
 I - an uncursed staff of energy
Jewellery
 r - a +3 ring of strength (left hand)
 s - a +2 ring of protection (right hand)
 H - an uncursed ring of ice
 J - an uncursed ring of see invisible
 K - an uncursed ring of protection from magic
Wands
 F - a wand of acid (11)
Scrolls
 i - 2 scrolls of blinking
 j - 3 scrolls of remove curse
 k - 3 scrolls of amnesia
 l - 5 scrolls of enchant armour
 x - 2 scrolls of fear
 M - 2 scrolls of enchant weapon
Potions
 d - 5 potions of curing
 e - 4 potions of heal wounds
 f - 3 potions of haste
 g - 4 potions of magic
 h - a potion of invisibility
 t - 2 potions of agility
 u - 2 potions of resistance
Miscellaneous
 v - a box of beasts
 D - a lamp of fire
 E - a phantom mirror
 G - a crystal ball of energy
Comestibles
 c - 4 chunks of flesh
 z - 10 rations


   Skills:
 * Level 10.8 Fighting
 + Level 1.1 Short Blades
 + Level 2.4 Armour
 + Level 7.5 Dodging
 - Level 5.2 Stealth
 * Level 2.6 Shields
 - Level 0.7 Unarmed Combat
 * Level 22.8 Spellcasting
 + Level 11.3 Conjurations
 + Level 15.0 Charms
 + Level 6.6 Necromancy
 + Level 2.4 Translocations
 + Level 14.6 Air Magic
 + Level 7.7 Earth Magic
 + Level 12.5 Invocations
 * Level 9.6 Evocations


You had 19 spell levels left.
You knew the following spells:

 Your Spells              Type           Power        Failure   Level  Hunger
a - Shock                 Conj/Air       ####         1%          1    None
b - Airstrike             Air            #######...   1%          4    None
c - Swiftness             Chrm/Air       #######.     1%          2    None
d - Lightning Bolt        Conj/Air       #######...   1%          5    None
e - Passage of Golubria   Tloc           N/A          34%         4    None
f - Iron Shot             Conj/Erth      ######....   28%         6    None
g - Iskenderun's Battles  Conj/Chrm      #######.     1%          5    None
h - Infestation           Necr           ######....   100%        8    #####..
r - Regeneration          Chrm/Necr      ######....   1%          3    None

Your spell library contained the following spells:

 Spells                   Type           Power        Failure   Level  Hunger
 Magic Dart               Conj           ####         1%          1    None
 Conjure Flame            Conj/Fire      ######..     2%          3    None
 Bolt of Magma            Conj/Fire/Erth ######....   19%         5    None
 Throw Frost              Conj/Ice       ######       1%          2    None
 Venom Bolt               Conj/Pois      ######....   26%         5    None
 Lehudib's Crystal Spear  Conj/Erth      ######....   100%        8    #####..
 Iskenderun's Mystic Bla  Conj           ######..     1%          4    None
 Summon Horrible Things   Summ           ####......   100%        8    #####..
 Borgnjor's Revivificati  Necr           ######....   100%        8    #####..
 Ozocubu's Refrigeration  Ice            ####......   100%        6    None
 Poison Arrow             Conj/Pois      ######....   80%         6    None
 Stone Arrow              Conj/Erth      ######       1%          3    None
 Ice Form                 Ice/Tmut       ####....     67%         4    None
 Glaciate                 Conj/Ice       ######....   100%        9    #######
 Passwall                 Tmut/Erth      #####...     2%          2    None
 Shatter                  Erth           ######....   100%        9    #######
 Static Discharge         Conj/Air       #######.     1%          3    None
 Sandblast                Erth           ######       1%          1    None
 Conjure Ball Lightning   Conj/Air       #######...   7%          6    None
 Excruciating Wounds      Chrm/Necr      ######....   3%          5    None
 Orb of Destruction       Conj           ######....   58%         7    ####...
 Malign Gateway           Summ/Tloc      ####......   100%        7    ####...
 Summon Hydra             Summ           ####......   100%        7    ####...
 Shroud of Golubria       Chrm/Tloc      ######....   1%          2    None
 Fulminant Prism          Conj/Hex       ######....   9%          4    None
 Dazzling Spray           Conj/Hex       ######       2%          3    None
 Force Lance              Conj/Tloc      ######..     5%          4    None
 Infusion                 Chrm           ####         1%          1    None
 Song of Slaying          Chrm           #######.     1%          2    None
 Spectral Weapon          Hex/Chrm       ######..     1%          3    None
 Searing Ray              Conj           ######       1%          2    None
 Summon Forest            Summ/Tloc      ####......   85%         5    None
 Summon Lightning Spire   Summ/Air       ######..     4%          4    None
 Spellforged Servitor     Conj/Summ      ######....   100%        7    ####...
 Summon Mana Viper        Hex/Summ       ####....     95%         5    None
 Irradiate                Conj/Tmut      ######....   26%         5    None
 Poisonous Vapours        Pois/Air       ######       1%          2    None


Dungeon Overview and Level Annotations

Branches:
Dungeon (1/1)

Altars:
Cheibriados
Dithmenos
Elyvilon
Fedhas
Gozag
Hepliaklqana
Kikubaaqudgha
Makhleb
Nemelex Xobeh
Okawaru
Qazlal
Ru
Sif Muna
Trog
Uskayaw
Vehumet
Wu Jian
Xom
Yredelemnul
Zin
The Shining One
Beogh
Jiyva
Lugonu

Shops:
D :}*[


Message History

Casting: Passage of Golubria (safe; 34% risk of failure)
Confirm with . or Enter, or press ? or * to list all spells.
Aiming: Passage of Golubria (safe; 34% risk of failure)
Press: ? - help, Dir - move target cursor You feel sick.
You enter the passage of Golubria.
You feel sick.
You enter the passage of Golubria.
You feel sick. The salamander barely misses you.
You enter the passage of Golubria.
You feel sick.
Casting: Passage of Golubria (safe; 34% risk of failure)
Confirm with . or Enter, or press ? or * to list all spells.
Aiming: Passage of Golubria (safe; 34% risk of failure)
Press: ? - help, Dir - move target cursor You are feeling hungry.
You feel sick.
You enter the passage of Golubria.
You feel sick. The salamander hits you with a halberd.
* * * LOW HITPOINT WARNING * * *
You are engulfed in flames!
You die...

*,,,,,,,,,,,,+,,,,,,,,
*,********************
*,,,,,,,,,,,,,,,,,,,,,
**********************
*,,,,,,,,,,,,,,,,,+,,,
*,********************
*,,,,,,,,,,,,,,,,,,,,,
▓▓▓▓▓▓▓▓▓▓▓▓▓▓▓▓♣♣♣♣♣♣
▓^.§.@N...S...(÷'S††^.
▓.▓▓▓▓▓▓▓▓▓▓▓▓▓▓♣♣♣♣♣♣
▓.....................
▓▓▓▓▓▓▓▓▓▓▓▓▓▓▓▓▓▓▓▓▓▓
▓.........'..=..)))).)
▓.▓▓▓▓▓▓▓▓▓▓▓▓▓▓▓▓▓▓▓▓
▓..........)..........
▓▓▓▓▓▓▓▓▓▓▓▓▓▓▓▓▓▓▓▓▓▓
▓...........(('())))))


You could see a salamander and an anaconda.

Vanquished Creatures
  Gastronok (D)
  3 stone giants (D)
  2 great orbs of eyes (D)
  Erolcha (D)
  Erica (D)
  3 hydras (D)
  A death knight (D)
  2 alligators (D)
  An ogre mage (D)
  3 tengu warriors (D)
  An orc high priest (D)
  A salamander mystic (D)
  An iron troll (D)
  4 deep trolls (D)
  4 orc knights (D)
  A cyclops (D)
  3 ugly things (D)
  8 elephants (D)
  4 black mambas (D)
  A guardian serpent (D)
  2 spiny frogs (D)
  4 komodo dragons (D)
  A rime drake (D)
  A spiny frog (shapeshifter) (D)
  A tengu conjurer (D)
  8 trolls (D)
  A meliai (D)
  A slime creature (D)
  A hippogriff (D)
  A blink frog (D)
  2 bog bodies (D)
  A shadow (D)
  A vampire (D)
  A hungry ghost (D)
  3 yaks (D)
  A steam dragon (D)
  A naga (D)
  A water moccasin (D)
  9 orc warriors (D)
  2 swamp drakes (D)
  2 crocodiles (D)
  2 bullfrogs (D)
  A killer bee (D)
  2 orc priests (D)
  A hound (D)
  5 orc wizards (D)
  An iguana (D)
  A worker ant (D)
  An adder (D)
  An adder zombie (D)
  An adder simulacrum (D)
  A leopard gecko (D)
  5 orcs (D)
  A jackal (D)
  3 bats (D)
  A kobold (D)
118 creatures vanquished.

Notes
Turn   | Place    | Note
-------+----------+-------------------------------------------
     0 | D        | emperorscorpion the Deep Elf Air Elementalist began the quest for the Orb.
     0 | D        | Reached XP level 1. HP: 10/10 MP: 6/6
    48 | D        | Noticed an orc wizard
    48 | D        | Noticed an iguana
    48 | D        | Noticed a worker ant
    48 | D        | Noticed a hound
    53 | D        | Killed an orc wizard
    53 | D        | Reached skill level 4 in Spellcasting
    53 | D        | Reached skill level 5 in Air Magic
    53 | D        | Reached XP level 2. HP: 9/15 MP: 1/9
    53 | D        | Reached XP level 3. HP: 12/19 MP: 1/11
    58 | D        | Reached skill level 5 in Spellcasting
    64 | D        | Reached XP level 4. HP: 14/24 MP: 2/13
    68 | D        | Reached skill level 6 in Spellcasting
    78 | D        | Found a roughly hewn altar of Beogh.
    78 | D        | Found a snail-covered altar of Cheibriados.
    78 | D        | Found a shadowy altar of Dithmenos.
    78 | D        | Found a white marble altar of Elyvilon.
    78 | D        | Found a blossoming altar of Fedhas.
    78 | D        | Found an opulent altar of Gozag.
    79 | D        | Found a hazy altar of Hepliaklqana.
    80 | D        | Found a viscous altar of Jiyva.
    81 | D        | Found an ancient bone altar of Kikubaaqudgha.
    82 | D        | Found a corrupted altar of Lugonu.
    83 | D        | Found a burning altar of Makhleb.
    84 | D        | Found a sparkling altar of Nemelex Xobeh.
    85 | D        | Found an iron altar of Okawaru.
    86 | D        | Found a stormy altar of Qazlal.
    87 | D        | Found a sacrificial altar of Ru.
    88 | D        | Found a deep blue altar of Sif Muna.
    89 | D        | Found a bloodstained altar of Trog.
    90 | D        | Found a hide-covered altar of Uskayaw.
    91 | D        | Found a radiant altar of Vehumet.
    92 | D        | Found an ornate altar of the Wu Jian Council.
    93 | D        | Found a shimmering altar of Xom.
    94 | D        | Found a basalt altar of Yredelemnul.
    95 | D        | Found a glowing silver altar of Zin.
    96 | D        | Became a worshipper of Sif Muna the Loreminder
   100 | D        | Learned a level 2 spell: Swiftness
   105 | D        | Learned a level 4 spell: Airstrike
   105 | D        | Found a glowing golden altar of the Shining One.
   124 | D        | Got the +2 morningstar "Ohim" {protect, MR+ Str+2}
   250 | D        | Noticed a troll
   250 | D        | Noticed a troll
   250 | D        | Noticed a yak
   250 | D        | Noticed a vampire
   284 | D        | Killed a troll
   284 | D        | Reached * piety under Sif Muna
   284 | D        | Reached skill level 5 in Dodging
   284 | D        | Reached skill level 9 in Spellcasting
   284 | D        | Reached skill level 1 in Evocations
   284 | D        | Reached XP level 5. HP: 18/31 MP: 11/18
   284 | D        | Reached XP level 6. HP: 21/36 MP: 12/20
   285 | D        | Killed a troll
   285 | D        | Reached ** piety under Sif Muna
   285 | D        | Reached skill level 5 in Stealth
   285 | D        | Reached skill level 10 in Spellcasting
   285 | D        | Reached skill level 5 in Charms
   285 | D        | Reached XP level 7. HP: 13/41 MP: 9/22
   513 | D        | Killed a yak
   522 | D        | Reached *** piety under Sif Muna
   552 | D        | Learned a level 5 spell: Lightning Bolt
   615 | D        | Killed a vampire
   615 | D        | Reached skill level 11 in Spellcasting
   615 | D        | Reached skill level 5 in Invocations
   671 | D        | Noticed a green ugly thing
   671 | D        | Noticed a cyan ugly thing
   671 | D        | Noticed a hungry ghost
   677 | D        | Killed a cyan ugly thing
   677 | D        | Reached **** piety under Sif Muna
   677 | D        | Reached skill level 12 in Spellcasting
   677 | D        | Reached skill level 10 in Air Magic
   677 | D        | Reached XP level 8. HP: 45/48 MP: 9/26
   678 | D        | Killed a green ugly thing
   678 | D        | Reached ***** piety under Sif Muna
   678 | D        | Identified Sif Muna's Reference Book on the Traveller and Attacks (Sif Muna gifted it to you in the Dungeon)
   678 | D        | Received a gift from Sif Muna
   678 | D        | Reached skill level 5 in Fighting
   678 | D        | Reached skill level 13 in Spellcasting
   799 | D        | Noticed an eight-headed hydra
   799 | D        | Noticed a komodo dragon
   799 | D        | Noticed a hippogriff
   799 | D        | Noticed a komodo dragon
   800 | D        | Noticed a six-headed hydra
   865 | D        | Killed a komodo dragon
   865 | D        | Reached skill level 1 in Armour
   865 | D        | Reached skill level 14 in Spellcasting
   865 | D        | Reached XP level 9. HP: 54/54 MP: 6/29
   924 | D        | Learned a level 4 spell: Passage of Golubria
   938 | D        | Killed an eight-headed hydra
   938 | D        | Reached skill level 5 in Conjurations
   938 | D        | Reached skill level 10 in Charms
   954 | D        | Reached skill level 15 in Spellcasting
   961 | D        | Killed a komodo dragon
  1007 | D        | Killed a six-headed hydra
  1007 | D        | Received a gift from Sif Muna
  1007 | D        | Reached skill level 5 in Evocations
  1007 | D        | Reached XP level 10. HP: 61/61 MP: 7/31
  1035 | D        | Noticed a spiny frog
  1041 | D        | Killed a spiny frog
  1054 | D        | Noticed a black mamba
  1054 | D        | Noticed a black mamba
  1069 | D        | Reached skill level 16 in Spellcasting
  1072 | D        | Killed a black mamba
  1078 | D        | Killed a black mamba
  1078 | D        | Reached skill level 1 in Translocations
  1082 | D        | Identified Sif Muna's Collected Works on Conjuration and Venom (Sif Muna gifted it to you in the Dungeon)
  1082 | D        | Received a gift from Sif Muna
  1229 | D        | Learned a level 6 spell: Iron Shot
  1248 | D        | Noticed an elephant
  1248 | D        | Noticed an elephant
  1248 | D        | Noticed an elephant
  1248 | D        | Noticed an elephant
  1248 | D        | Noticed an elephant
  1248 | D        | Noticed an elephant
  1252 | D        | Killed an elephant
  1252 | D        | Reached skill level 1 in Earth Magic
  1252 | D        | Killed an elephant
  1252 | D        | Reached skill level 17 in Spellcasting
  1252 | D        | Noticed an elephant
  1253 | D        | Killed an elephant
  1253 | D        | Killed an elephant
  1254 | D        | Noticed an elephant
  1255 | D        | Killed an elephant
  1255 | D        | Reached XP level 11. HP: 68/68 MP: 8/34
  1256 | D        | Reached skill level 10 in Invocations
  1257 | D        | Received a gift from Sif Muna
  1266 | D        | Learned a level 5 spell: Iskenderun's Battlesphere
  1332 | D        | Noticed Gastronok
  1343 | D        | Killed Gastronok
  1343 | D        | Reached skill level 18 in Spellcasting
  1415 | D        | Noticed an orc knight
  1419 | D        | Noticed a stone giant
  1419 | D        | Killed an orc knight
  1419 | D        | Identified Oroizitt's Collected Works on Unholy Magic and Cold (Sif Muna gifted it to you in the Dungeon)
  1419 | D        | Received a gift from Sif Muna
  1432 | D        | Killed a stone giant
  1432 | D        | Reached skill level 1 in Short Blades
  1432 | D        | Reached skill level 5 in Earth Magic
  1460 | D        | Learned a level 8 spell: Infestation
  1512 | D        | Noticed an orc knight
  1513 | D        | Reached skill level 1 in Necromancy
  1515 | D        | Noticed an orc knight
  1521 | D        | Killed an orc knight
  1522 | D        | Identified Sif Muna's Almanac of Summoning (Sif Muna gifted it to you in the Dungeon)
  1522 | D        | Received a gift from Sif Muna
  1522 | D        | Reached skill level 19 in Spellcasting
  1522 | D        | Noticed an orc high priest
  1523 | D        | Killed an orc knight
  1526 | D        | Noticed an orc knight
  1528 | D        | Killed an orc high priest
  1607 | D        | Killed an orc knight
  1761 | D        | Found Vefuetei's Book Emporium.
  1761 | D        | Noticed an iron troll
  1761 | D        | Noticed a deep troll
  1761 | D        | Noticed a stone giant
  1770 | D        | Killed an iron troll
  1770 | D        | Reached XP level 12. HP: 76/76 MP: 10/37
  1773 | D        | Killed a stone giant
  1781 | D        | Noticed a stone giant
  1787 | D        | Killed a stone giant
  1787 | D        | Identified Sif Muna's Handbook of Conjuration (Sif Muna gifted it to you in the Dungeon)
  1787 | D        | Received a gift from Sif Muna
  1787 | D        | Reached skill level 20 in Spellcasting
  1787 | D        | Reached skill level 5 in Necromancy
  1822 | D        | Found Wanesos's Gadget Shoppe.
  1826 | D        | Found Igiel's Assorted Antiques.
  1830 | D        | Found Akibic's Armour Shoppe.
  1860 | D        | Noticed an ogre mage
  1864 | D        | Killed an ogre mage
  1864 | D        | Reached skill level 10 in Conjurations
  1868 | D        | Reached ****** piety under Sif Muna
  1869 | D        | Received a gift from Sif Muna
  1869 | D        | Reached skill level 15 in Charms
  1875 | D        | Learned a level 3 spell: Regeneration
  1906 | D        | Bought a lamp of fire for 440 gold pieces
  1906 | D        | Bought a phantom mirror for 330 gold pieces
  1906 | D        | Bought a wand of acid (9) for 286 gold pieces
  1906 | D        | Bought a wand of acid (4) for 176 gold pieces
  1906 | D        | Bought a crystal ball of energy for 220 gold pieces
  1915 | D        | Bought a scroll labeled SOKLU MIQU for 15 gold pieces
  1915 | D        | Bought a thick smoking staff for 180 gold pieces
  1946 | D        | Bought a box of beasts for 220 gold pieces
  1969 | D        | Noticed Erolcha
  1976 | D        | Killed Erolcha
  2025 | D        | Noticed Erica
  2029 | D        | Killed Erica
  2089 | D        | Got the +8 falchion of Lies {flame, Int+4}
  2120 | D        | Noticed a tengu warrior
  2123 | D        | Reached skill level 21 in Spellcasting
  2123 | D        | Noticed a death knight
  2124 | D        | Killed a tengu warrior
  2127 | D        | Reached skill level 10 in Fighting
  2130 | D        | Noticed a tengu warrior
  2130 | D        | Killed a death knight
  2130 | D        | Identified Sif Muna's Compendium of Dusty Flight (Sif Muna gifted it to you in the Dungeon)
  2130 | D        | Received a gift from Sif Muna
  2136 | D        | Killed a tengu warrior
  2137 | D        | Noticed a great orb of eyes
  2138 | D        | Paralysed by a great orb of eyes for 5 turns
  2145 | D        | Paralysed by a great orb of eyes for 3 turns
  2150 | D        | Noticed a great orb of eyes
  2152 | D        | Killed a great orb of eyes
  2152 | D        | Paralysed by a great orb of eyes for 5 turns
  2160 | D        | Killed a great orb of eyes
  2160 | D        | Reached skill level 22 in Spellcasting
  2160 | D        | Reached XP level 13. HP: 72/82 MP: 2/41
  2294 | D        | Identified Sif Muna's Arcane Secrets of Spellcasting (Sif Muna gifted it to you in the Dungeon)
  2294 | D        | Received a gift from Sif Muna
  2294 | D        | Reached skill level 1 in Shields
  2351 | D        | Slain by a salamander

Vault maps used:
D:        linesprint

Skill      XL: |  1  2  3  4  5  6  7  8  9 10 11 12 13 |
---------------+----------------------------------------+-----
Air Magic      | 5 6 8 9 10 11 12 13 14 | 14.6
Stealth        | 3 4 5 |  5.2
Dodging        | 3 4 5 6 7 |  7.5
Spellcasting   | 4 5 9 10 12 14 15 17 19 22 | 22.8
Conjurations   | 2 3 4 6 7 9 10 11 | 11.3
Fighting       | 2 3 4 5 6 7 9 10 | 10.8
Charms         | 4 5 7 9 10 12 14 15 | 15.0
Invocations    | 3 4 5 6 8 9 11 12 | 12.5
Evocations     | 1 2 3 5 8 9 |  9.6
Armour         | 1 2 |  2.4
Translocations | 1 2 |  2.4
Earth Magic    | 3 6 7 |  7.7
Short Blades   | 1 |  1.1
Necromancy     | 4 6 |  6.6
Shields        | 2 |  2.6
Unarmed Combat | |  0.7

Action                   |  1- 3 |  4- 6 |  7- 9 | 10-12 | 13-15 || total
-------------------------+-------+-------+-------+-------+-------++-------
Melee: Unarmed           |    10 |     4 |       |       |       ||    14
       Rapier            |       |       |     5 |     7 |       ||    12
 Cast: Shock             |     9 |     3 |    11 |     7 |       ||    30
       Swiftness         |       |     1 |     3 |     2 |       ||     6
       Airstrike         |       |       |     5 |    19 |     4 ||    28
       Lightning Bolt    |       |       |    21 |   101 |    15 ||   137
       Passage of Golubr |       |       |     1 |     4 |     5 ||    10
       Iskenderun's Batt |       |       |       |     1 |       ||     1
       Regeneration      |       |       |       |     1 |     1 ||     2
Invok: Channel Magic     |       |       |     1 |    14 |     2 ||    17
Evoke: Wand              |       |     4 |     4 |     3 |     1 ||    12
       Staff of energy   |       |       |    18 |    30 |       ||    48
       Lamp of fire      |       |       |       |     3 |     4 ||     7
  Use: Potion            |     1 |       |     2 |     1 |       ||     4
       Scroll            |       |       |       |     6 |     1 ||     7
 Stab: Sleeping          |       |       |       |     1 |       ||     1
  Eat: Chunk             |       |       |     1 |     8 |     2 ||    11
       Ration            |       |       |     1 |       |       ||     1
Armor: Troll leather arm |       |       |     6 |     7 |     5 ||    18
Dodge: Dodged            |    11 |     6 |     4 |    30 |     3 ||    54
Block: Shield            |       |       |       |       |     4 ||     4

Table legend:
 A = Spawn XP
 B = Non-spawn XP
 C = Spawn XP percentage of total XP
 D = Spawn monster count
 E = Non-spawn monster count
 F = Spawn count percentage of total count
 G = Total turns spent on level
                    A         B        C        D         E        F      G
               +---------+---------+-------+---------+---------+-------+---------
         Total |       0 |   46647 |   0.0 |       0 |     118 |   0.0 |  2351
               +---------+---------+-------+---------+---------+-------+---------
             D |       0 |   46647 |   0.0 |       0 |     118 |   0.0 |  2351
               +---------+---------+-------+---------+---------+-------+---------
